 Dungeon Crawl Stone Soup version 0.28-a0-925-gd5e1996cdb (webtiles) character file.

Game seed: 15589766687280529213

18253 BinkBink the Grappler (level 12, -2/166 HPs)
             Began as a Troll Monk on Nov 26, 2021.
             Was the Champion of Cheibriados.
             Slain by an eight-headed hydra (3 damage)
             ... on level 12 of the Dungeon.
             The game lasted 00:31:12 (10267 turns).

BinkBink the Grappler (Troll Monk)                 Turns: 10267, Time: 00:31:14

Health: -2/166     AC: 26    Str: 39    XL:     12   Next: 26%
Magic:  11/11      EV:  1    Int: 21    God:    Cheibriados [******]
Gold:   448        SH: 14    Dex: 35    Spells: 11/11 levels left

rFire   + . .      SeeInvis .     - Unarmed
rCold   . . .      Faith    +   i - +0 kite shield
rNeg    . . .      Spirit   .   (armour currently unavailable)
rPois   +          Reflect  .   (helmet currently unavailable)
rElec   .          Harm     .   (cloak currently unavailable)
rCorr   .          Rampage  .   (gloves unavailable)
Will    .....      NoTele   +   (boots unavailable)
Stlth   +++.......              n - amulet of faith
HPRegen 1.17/turn               t - ring of protection from fire
MPRegen 0.12/turn               s - +6 ring of dexterity

@: tree-form, very slow
A: stationary, stasis, torment immunity, boosted hp, large, unfitting armour,
(claws 3), regeneration 1, (shaggy fur 1), (tough skin 1)
a: Renounce Religion, Bend Time, Temporal Distortion, Slouch, Step From Time


You were on level 12 of the Dungeon.
You worshipped Cheibriados.
Cheibriados was exalted by your worship.
You were a tree.
You visited 1 branch of the dungeon, and saw 12 of its levels.

You collected 596 gold pieces.
You spent 148 gold pieces at shops.

Inventory:

Armour
 a - a +0 robe
 i - a +0 kite shield (worn)
 l - a +0 cloak (melded)
 u - +3 steam dragon scales (melded)
 A - a +1 hat (melded)
Jewellery
 k - a +6 ring of intelligence
 n - an amulet of faith (around neck)
 s - a +6 ring of dexterity (right branch)
 t - a ring of protection from fire (left branch)
Wands
 e - a wand of acid (11)
 g - a wand of flame (32)
 y - a wand of charming (2)
 C - a wand of iceblast (10)
 D - a wand of mindburst (9)
Scrolls
 b - 3 scrolls of fog
 c - 3 scrolls of magic mapping
 d - 2 scrolls of identify
 f - 3 scrolls of enchant weapon
 h - 2 scrolls of teleportation
 m - 2 scrolls of immolation
 p - a scroll of noise
 q - 2 scrolls of vulnerability
 w - a scroll of brand weapon
 x - a scroll of holy word
 z - 2 scrolls of amnesia
Potions
 j - a potion of magic
 o - 5 potions of curing
 r - a potion of might
 v - 2 potions of lignification


   Skills:
 + Level 5.0 Fighting
 - Level 4.4 Armour
 + Level 7.2 Dodging
 - Level 1.0 Stealth
 * Level 8.1 Shields
 + Level 14.4 Unarmed Combat


You had 11 spell levels left.
You didn't know any spells.
Your spell library contained the following spells:

 Spells                   Type           Power      Damage    Failure   Level
 Sting                    Tmut/Pois      0%         1d3       22%         1
 Lesser Beckoning         Tloc           0%         N/A       54%         3
 Mephitic Cloud           Conj/Pois/Air  0%         N/A       54%         3
 Alistair's Intoxication  Tmut/Pois      0%         N/A       99%         5
 Blade Hands              Tmut           0%         N/A       99%         5
 Irradiate                Conj/Tmut      0%         3d13      99%         5
 Dragon Form              Tmut           0%         N/A       100%        7


Dungeon Overview and Level Annotations

Branches:
Dungeon (12/15)            Temple (0/1) D:4            Lair (0/6) D:11
    Orc (0/2) D:11

Altars:
Ashenzari
Cheibriados
Fedhas
Kikubaaqudgha
Makhleb
Qazlal
Sif Muna
Trog
Uskayaw
The Shining One

Shops:
D:1 =   D:3 ?

Annotations:
D:3 2 transporters
D:7 1 runed translucent door, Crazy Yiuf
D:8 3 runed translucent doors, anet's ghost, novice DECj


Innate Abilities, Weirdness & Mutations

You are a tree.
Your roots penetrate the ground, keeping you stationary.
You cannot be teleported.
You are immune to unholy pain and torment.
Your maximum health is greatly increased.
Your equipment is partially melded.
You are too large for most types of armour.
((You have claws for hands.))
Your natural rate of healing is unusually fast.
((You are covered in fur. (AC +1)))
((You have tough skin. (AC +1)))


Message History

* * * LOW HITPOINT WARNING * * *
You block the eight-headed hydra's attack.
The eight-headed hydra bites you.
* * * LOW HITPOINT WARNING * * *
The eight-headed hydra bites you!
* * * LOW HITPOINT WARNING * * *
You pummel the eight-headed hydra!!
The eight-headed hydra is severely wounded.
The boulder beetle bites you!
* * * LOW HITPOINT WARNING * * *
The seven-headed hydra bites you.
* * * LOW HITPOINT WARNING * * *
The seven-headed hydra bites you but does no damage. x2
The seven-headed hydra bites you.
* * * LOW HITPOINT WARNING * * *
The seven-headed hydra bites you but does no damage. x2
The seven-headed hydra bites you.
* * * LOW HITPOINT WARNING * * *
The eight-headed hydra bites you.
* * * LOW HITPOINT WARNING * * *
You block the eight-headed hydra's attack.
The eight-headed hydra bites you but does no damage.
You block the eight-headed hydra's attack.
The eight-headed hydra bites you.
* * * LOW HITPOINT WARNING * * *
The eight-headed hydra bites you but does no damage. x3
As you read the scroll of summoning, it crumbles to dust.
Wisps of shadow whirl around you... You block the boulder beetle's attack.
The seven-headed hydra bites you.
* * * LOW HITPOINT WARNING * * *
The seven-headed hydra bites you but does no damage. x2
You block the seven-headed hydra's attack.
The seven-headed hydra bites you.
* * * LOW HITPOINT WARNING * * *
The seven-headed hydra bites you but does no damage.
You block the seven-headed hydra's attack.
The eight-headed hydra bites you but does no damage. x2
You block the eight-headed hydra's attack.
The eight-headed hydra bites you.
You die...

...# .. ##..#
.. . #...## .
.. #.... .###+
... #...##.....
#...#..†.......
...............
..y..yyDy...#..
.......♣B.y.#
.......cD..##
........l...+
.......#...##
....... ^....
....... ......
####... .......
.... ..>....


You could see a boulder beetle (ally target), an eight-headed hydra (ally
target), a seven-headed hydra (ally target), a friendly komodo dragon
(summoned), 5 friendly vampire mosquitoes and a friendly centaur (summoned).

Vanquished Creatures
  Gastronok (D:11)
  Harold (D:8)
  A two-headed ogre (D:11)
  Erica (D:8)
  3 death yaks (D:11)
  Pikel (D:7)
  An ugly thing (D:12)
  A cyclops (D:11)
  Joseph (D:8)
  6 trolls
  Prince Ribbit (D:7)
  3 shadows
  2 wraiths (D:11)
  19 yaks
  A vampire (D:11)
  A wyvern (D:10)
  Grum (D:8)
  A steam dragon (D:7)
  A water moccasin (D:8)
  2 hornet zombies (D:7)
  An ice beast (D:5)
  8 orc warriors
  2 black bears
  5 necrophages
  7 centaurs
  2 ogres
  3 wolves (D:8)
  3 lemures (D:7)
  2 phantoms
  2 kobold brigands
  2 scorpions (D:6)
  3 bullfrogs (D:7)
  2 gnoll sergeants
  4 killer bees (D:9)
  2 troll zombies (D:11)
  4 howler monkeys
  17 wights
  4 jellies
  5 lava snakes (D:9)
  3 hounds
  4 centaur zombies
  A bullfrog skeleton (D:4)
  5 orc priests
  Jessica (D:3)
  6 iguanas
  Terence (D:3)
  Natasha (twice) (D:3)
  6 orc wizards
  A killer bee zombie (D:5)
  5 ogre zombies (D:11)
  A hound skeleton (D:5)
  5 howler monkey zombies
  10 gnolls
  2 howler monkey skeletons (D:5)
  4 adders
  A shadow imp (D:5)
  2 ufetubi
  4 worms
  5 dart slugs
  40 orcs
  7 ball pythons
  5 bats
  3 endoplasms
  3 giant cockroaches
  8 goblins
  8 hobgoblins
  3 jackals (D:1)
  18 kobolds
  A quokka (D:2)
  A frilled lizard (D:2)
  2 goblin skeletons (D:11)
  2 goblin zombies (D:11)
  3 hobgoblin skeletons (D:11)
  2 hobgoblin zombies (D:11)
  An orc skeleton (D:11)
  14 orc zombies (D:11)
  10 rats
327 creatures vanquished.

Vanquished Creatures (collateral kills)
  Psyche (D:11)
  An orc zombie (D:11)
2 creatures vanquished.

Vanquished Creatures (others)
  3 plants (D:8)
3 creatures vanquished.

Grand Total: 332 creatures vanquished

Notes
Turn   | Place    | Note
-------+----------+-------------------------------------------
     0 | D:1      | BinkBink the Troll Monk began the quest for the Orb.
     0 | D:1      | Reached XP level 1. HP: 22/22 MP: 0/0
   119 | D:1      | Reached XP level 2. HP: 27/29 MP: 1/1
   181 | D:1      | Found Listy's Jewellery Shoppe.
   217 | D:1      | Found a faded altar of an unknown god.
   250 | D:1      | Prayed at the altar of an unknown god.
   250 | D:1      | Became a worshipper of Cheibriados the Contemplative
   250 | D:1      | Reached * piety under Cheibriados
   250 | D:1      | Reached ** piety under Cheibriados
   492 | D:1      | Reached XP level 3. HP: 35/36 MP: 2/2
   498 | D:1      | Reached *** piety under Cheibriados
   877 | D:2      | Found a stormy altar of Qazlal.
   950 | D:2      | Reached skill level 1 in Armour
  1116 | D:2      | Reached XP level 4. HP: 44/44 MP: 3/3
  1225 | D:3      | Noticed Terence
  1233 | D:3      | Killed Terence
  1306 | D:3      | Reached skill level 4 in Unarmed Combat
  1363 | D:3      | Noticed a black bear
  1372 | D:3      | Killed a black bear
  1373 | D:3      | Reached XP level 5. HP: 34/52 MP: 4/4
  1439 | D:3      | Noticed Jessica
  1442 | D:3      | Killed Jessica
  1442 | D:3      | Reached **** piety under Cheibriados
  1443 | D:3      | Reached skill level 1 in Shields
  1475 | D:3      | Found a transporter.
  1481 | D:3      | Found a transporter.
  1594 | D:3      | Noticed Natasha
  1602 | D:3      | Killed Natasha
  1603 | D:3      | Reached skill level 5 in Unarmed Combat
  1603 | D:3      | Reached XP level 6. HP: 44/61 MP: 5/5
  1651 | D:3      | Found Ubrieth's Magic Scroll Emporium.
  1661 | D:3      | Bought a scroll of teleportation for 33 gold pieces
  1661 | D:3      | Bought a scroll of identify for 22 gold pieces
  1661 | D:3      | Bought a scroll of identify for 22 gold pieces
  1845 | D:3      | Noticed Natasha
  1850 | D:3      | Killed Natasha
  2114 | D:4      | Found a blossoming altar of Fedhas.
  2128 | D:4      | Found an ancient bone altar of Kikubaaqudgha.
  2137 | D:4      | Found a snail-covered altar of Cheibriados.
  2140 | D:4      | Found a broken altar of Ashenzari.
  2607 | D:4      | Found a staircase to the Ecumenical Temple.
  2926 | D:4      | Found a glowing golden altar of the Shining One.
  2988 | D:4      | Found a burning altar of Makhleb.
  3342 | D:3      | Bought a scroll of identify for 22 gold pieces
  3342 | D:3      | Bought a scroll of noise for 11 gold pieces
  3342 | D:3      | Bought a scroll of immolation for 38 gold pieces
  3390 | D:5      | Entered Level 5 of the Dungeon
  3447 | D:5      | Reached XP level 7. HP: 45/67 MP: 6/6
  3484 | D:5      | Reached skill level 6 in Unarmed Combat
  3568 | D:5      | Found a hide-covered altar of Uskayaw.
  3655 | D:5      | Found a bloodstained altar of Trog.
  3881 | D:5      | Reached ***** piety under Cheibriados
  4006 | D:5      | Reached skill level 7 in Unarmed Combat
  4006 | D:5      | Reached XP level 8. HP: 75/75 MP: 7/7
  4550 | D:6      | Reached skill level 8 in Unarmed Combat
  5042 | D:6      | Reached XP level 9. HP: 69/84 MP: 8/8
  5328 | D:7      | Noticed Pikel
  5359 | D:7      | Killed Pikel
  5360 | D:7      | Reached skill level 9 in Unarmed Combat
  5478 | D:7      | Found a shimmering blue altar of Sif Muna.
  5511 | D:7      | Noticed Prince Ribbit
  5533 | D:7      | Killed Prince Ribbit
  5534 | D:7      | Reached skill level 10 in Unarmed Combat
  5718 | D:7      | Found a runed translucent door.
  5719 | D:7      | Noticed Crazy Yiuf
  5986 | D:8      | Reached skill level 5 in Dodging
  5986 | D:8      | Reached XP level 10. HP: 92/92 MP: 9/9
  6053 | D:8      | Noticed Joseph
  6061 | D:8      | Noticed Grum
  6063 | D:8      | Noticed Harold
  6064 | D:8      | Noticed Erica
  6077 | D:8      | Killed Grum
  6080 | D:8      | Reached ****** piety under Cheibriados
  6087 | D:8      | Reached skill level 11 in Unarmed Combat
  6089 | D:8      | Killed Erica
  6090 | D:8      | Reached skill level 5 in Shields
  6095 | D:8      | Killed Harold
  6346 | D:8      | Killed Joseph
  6347 | D:8      | Reached skill level 12 in Unarmed Combat
  6388 | D:8      | Found a runed translucent gate.
  6388 | D:8      | Found a runed translucent gate.
  6388 | D:8      | Found a runed translucent gate.
  6392 | D:8      | Noticed a ten-headed hydra
  6393 | D:8      | Noticed anet's ghost (novice DECj)
  6546 | D:8      | Found a stormy altar of Qazlal.
  6984 | D:9      | Reached XP level 11. HP: 84/101 MP: 10/10
  7831 | D:10     | Entered Level 10 of the Dungeon
  8031 | D:10     | Reached skill level 13 in Unarmed Combat
  8140 | D:10     | Got Sif Muna's Tome of Warped Poison
  8836 | D:11     | Noticed Gastronok
  8853 | D:11     | Killed Gastronok
  8913 | D:11     | Found a staircase to the Orcish Mines.
  9117 | D:11     | Noticed Psyche
  9117 | D:11     | Noticed a two-headed ogre
  9125 | D:11     | Killed Psyche
  9140 | D:11     | Killed a two-headed ogre
  9436 | D:11     | Found a staircase to the Lair.
  9436 | D:11     | Noticed a death yak
  9436 | D:11     | Noticed a death yak
  9437 | D:11     | Noticed a death yak
  9452 | D:11     | Killed a death yak
  9467 | D:11     | Killed a death yak
  9468 | D:11     | Reached skill level 5 in Fighting
  9468 | D:11     | Reached skill level 14 in Unarmed Combat
  9468 | D:11     | Reached XP level 12. HP: 81/111 MP: 11/11
  9476 | D:11     | Killed a death yak
 10257 | D:12     | Noticed a seven-headed hydra
 10257 | D:12     | Noticed an eight-headed hydra
 10260 | D:12     | Noticed a boulder beetle
 10266 | D:12     | HP: 7/166 [eight-headed hydra (3)]
 10267 | D:12     | HP: 1/166 [seven-headed hydra (3)]
 10267 | D:12     | Slain by an eight-headed hydra

Illustrated notes

Levels and vault maps discovered:
D:1:      psy_arrival_radial02, layout_basic, serial_shops, shop,
          basic_ecumenical_altar
D:2:      layout_rooms, basic_altar
D:3:      gammafunk_steamed_eel, layout_loops_cross, serial_shops, shop,
          hangedman_glass_teeth, kennysheep_generic_room_4, uniq_jessica,
          uniq_terence, uniq_natasha
D:4:      layout_layer_cave, lemuel_tele_altar, lemuel_coloured_pillars_altar,
          grunt_temple_overflow_cloverleaf, minmay_temple_entry_overgrown
D:5:      layout_cave_pods, mainiacjoe_overflow_two_lobes, due_unseen_surprise
D:6:      layout_loops_corners, minmay_circle_x
D:7:      layout_rooms, old_standard_altar, eino_curves_01,
          uniq_crazy_yiuf_cottage, uniq_pikel, uniq_prince_ribbit1
D:8:      layout_rooms, mainiacjoe_overflow_boulevard,
          gammafunk_ghost_hydra_chop, uniq_joseph, uniq_harold, uniq_grum,
          uniq_erica
D:9:      layout_long_grid, kennysheep_boxes
D:10:     layout_loops_corners, st_stairs_8
D:11:     layout_layer_cave, dpeg_lair_monsters, zombieorc2_lemuel, uniq_psyche,
          uniq_gastronok
D:12:     layout_basic

Skill      XL: |  1  2  3  4  5  6  7  8  9 10 11 12 |
---------------+-------------------------------------+-----
Armour         | 1 2 3 4 |  4.4
Dodging        | 3 4 5 6 7 |  7.2
Unarmed Combat | 4 5 7 8 10 12 14 | 14.4
Shields        | 1 2 3 4 5 7 8 |  8.1
Fighting       | 3 4 5 |  5.0
Stealth        | |  1.0

Action                   |  1- 3 |  4- 6 |  7- 9 | 10-12 || total
-------------------------+-------+-------+-------+-------++-------
Melee: Unarmed           |   105 |   116 |   204 |   415 ||   840
       Punch             |     3 |     1 |    11 |     9 ||    24
Evoke: Wand              |       |       |       |     1 ||     1
  Use: Potion            |       |     1 |       |     6 ||     7
       Scroll            |       |     7 |     3 |    12 ||    22
 Stab: Sleeping          |     5 |     6 |     3 |     5 ||    19
       Distracted        |       |       |     1 |       ||     1
Armor: Robe              |    27 |    24 |    35 |       ||    86
       Skin              |       |     2 |       |    59 ||    61
       Steam dragon scal |       |       |    15 |    67 ||    82
Dodge: Dodged            |    58 |    74 |   141 |   233 ||   506
Block: Kite shield       |       |       |       |   248 ||   248

Table legend: (Time is in decaauts)
 A = Elapsed time spent in this place.
 B = Non-inter-level travel time spent in this place.
 C = Inter-level travel time spent in this place.
 D = Time resting spent in this place.
 E = Time spent auto-exploring this place.
 F = Levels seen in this place.
 G = Mean time per level.
                   A        B        C        D        E       F      G
               +--------+--------+--------+--------+--------+-----+--------+
         Total |  16930 |  16158 |    772 |      0 |  12936 |  12 | 1410.8 |
       Dungeon |  16930 |  16158 |    772 |      0 |  12936 |  12 | 1410.8 |
               +--------+--------+--------+--------+--------+-----+--------+

Top non-repeatable levels by time:
    D:11: 2487 daAuts
     D:4: 2170 daAuts
    D:10: 1827 daAuts
     D:9: 1782 daAuts
     D:6: 1617 daAuts
     D:5: 1475 daAuts
     D:8: 1377 daAuts
     D:3: 1366 daAuts
     D:1: 1131 daAuts
     D:7: 1080 daAuts
     D:2: 595 daAuts
    D:12: 19 daAuts
